Map: 카이로스 정션 - 래더

Players

TSGSolar (Solar) - Winner!

  • Race: Zerg Zerg
  • Spawn Location: 11:00

Harstem

  • Race: Protoss Protoss
  • League: Grandmaster
  • Spawn Location: 5:00

Event: HomeStory Cup XIX

VOD

Have the link to the VOD?

Description

Time

  • Played on: June 27, 2019, 8:26 a.m.
  • Length: 5:32

All games in this series

Show
View Real Time Build Order
Export as new Build Order

TSGSolar Zerg - Winner!

Build Orders: Hatch First 

Get SALT Encoding   

  12  0:01  Drone  
  13  0:12  Overlord  
  13  0:17  Drone  
  14  0:30  Drone  
  14  0:35  Drone x2  
  17  0:53  Hatchery  
  17  0:55  Drone  
  17  0:58  Drone  
  18  1:06  Extractor  
  17  1:16  Drone, Spawning Pool  
  17  1:20  Drone  
  18  1:28  Drone  
  19  1:39  Drone  
  20  1:47  Hatchery  
  20  1:51  Drone  
  20  2:04  Queen  
  20  2:06  Zergling x2  
  23  2:10  Metabolic Boost  
  23  2:13  Drone  
  24  2:19  Zergling x2  
  25  2:27  Queen  
  27  2:31  Overlord  
  27  2:34  Zergling x2  
  28  2:50  Zergling x4, Drone  
  28  2:51  Drone x2  
  32  2:57  Zergling x2  
  33  2:59  Queen  
  33  3:01  Drone  
  33  3:04  Drone  
  37  3:08  Overlord  
  37  3:15  Drone, Spore Crawler  
  37  3:17  Drone  
  37  3:18  Drone  
  39  3:21  Drone  
  39  3:22  Drone  
  39  3:25  Drone  
  42  3:27  Drone  
  42  3:33  Drone x3  
  46  3:37  Drone x2  
  46  3:41  Spore Crawler  
  47  3:43  Overlord  
  47  3:48  Queen  
  47  3:52  Drone, Spore Crawler  
  47  3:55  Overlord  
  49  4:02  Roach Warren  
  48  4:05  Drone  
  48  4:07  Zergling x8  
  54  4:10  Drone x2  
  54  4:13  Zergling x4  
  54  4:15  Overlord  
  58  4:22  Overlord  
  58  4:24  Drone  
  58  4:29  Zergling x6  
  62  4:32  Extractor  
  62  4:33  Overlord  
  61  4:41  Roach  
  61  4:42  Roach x5  
  61  4:44  Roach  
  75  4:46  Roach  
  75  4:48  Roach  
  78  4:56  Roach  
  78  4:59  Zergling x2  
  81  5:02  Zergling x14  
  88  5:09  Overlord  
  88  5:10  Overlord  
  88  5:13  Overlord  
Show
View Real Time Build Order
Export as new Build Order

Harstem Protoss 

Build Orders: 1 Gate Expand, Mass Adepts 

Get SALT Encoding   

  12  0:00  Probe  
  13  0:12  Probe  
  14  0:18  Pylon  
  14  0:24  Probe  
  15  0:36  Probe, Gateway  
  16  0:45  Probe  
  17  0:50  Assimilator  
  17  0:54  Probe  
  18  1:06  Probe  
  19  1:23  Cybernetics Core  
  19  1:24  Probe  
  20  1:36  Nexus  
  20  1:43  Pylon  
  20  1:46  Probe  
  21  1:51  Adept  
  21  1:52  Assimilator  
  21  1:58  Probe  
  24  2:04  Warp Gate  
  24  2:11  Adept  
  24  2:12  Probe  
  27  2:24  Probe  
  28  2:34  Twilight Council  
  28  2:36  Probe  
  29  2:44  Stalker  
  31  2:50  Probe  
  31  2:52  Probe  
  31  2:58  Probe  
  33  3:04  Probe, Robotics Facility  
  35  3:07  Probe  
  35  3:11  Resonating Glaives  
  36  3:16  Probe  
  38  3:20  Gateway  
  38  3:22  Gateway  
  38  3:23  Probe  
  39  3:42  Gateway  
  39  3:44  Gateway, Warp Prism  
  40  3:50  Pylon  
  40  3:52  Adept  
  42  3:56  Probe  
  42  3:57  Probe  
  42  4:02  Pylon  
  46  4:10  Probe  
  46  4:15  Adept x2  
  49  4:17  Adept  
  49  4:19  Pylon  
  51  4:37  Pylon  
  51  4:39  Adept x5  
  61  4:46  Probe, Pylon  
  62  4:59  Adept x4  
  70  5:02  Probe  
  71  5:07  Probe  
  71  5:11  Pylon  
  70  5:14  Probe  
  70  5:15  Assimilator  
Tags
 
Add a new tag
Caveats
  • Supply blocks, unpowered buildings, or Contaminate may cause inaccurate times.
  • Supply counts are checked every 10 seconds.